TOP OF THE 1ST |
Baltimore Orioles batting - Pitching for Boston Red Sox : RHP Justin Swenson
|
Pitching: RHP Justin Swenson
|
|
Batting: SHB Aldo Questi
|
0-0: Ball 1-0: Ball 2-0: Ball 3-0: Called Strike 3-1: Base on Balls
|
Batting: RHB Saimei Kudo
|
0-0: Ball 1-0: Ball 2-0: Foul Ball, location: 2F 2-1: Ball 3-1: Sac Bunt to 15S - play at first, batter safe! Aldo Questi to second
|
Batting: RHB Rudo Garciaparra
|
0-0: Called Strike 0-1: Called Strike 0-2: Ball 1-2: Foul Ball, location: 2F 1-2: Ball 2-2: Ball 3-2: Fly out, F8 (Flyball, 8RD, EV 88.1 MPH) Runner from 2nd tags up, SAFE at 3rd with throw by CF
|
Batting: SHB Robbie Rogers
|
0-0: Called Strike 0-1: Ball 1-1: Ball 2-1: Ball 3-1: Foul Ball, location: 2F 3-2: Strikes out swinging
|
Batting: RHB Nick Rigden
|
0-0: Foul Ball, location: 2F 0-1: Fielders Choice at 2nd, 6-4 (Groundball, 6, EV 99.4 MPH)
|
Top of the 1st over - 0 runs, 1 hit, 0 errors, 2 left on base; Baltimore 0 - Boston 0 |
BOTTOM OF THE 1ST |
Boston Red Sox batting - Pitching for Baltimore Orioles : LHP Marko Emchenko
|
Pitching: LHP Marko Emchenko
|
|
Batting: RHB Alois Wollf
|
0-0: Ball 1-0: SOLO HOME RUN (Flyball, 7D, EV 102.5 MPH), Distance : 400 ft
|
Batting: RHB Andrew Robinson
|
0-0: Called Strike 0-1: Ball 1-1: Ground out 5-3 (Groundball, 5S, EV 91.9 MPH)
|
Batting: RHB David Price Jr.
|
0-0: Called Strike 0-1: DOUBLE (Flyball, 8LXD, EV 98.8 MPH)
|
Batting: RHB Jose Diaz
|
0-0: Foul Ball, location: 2F 0-1: Fly out, F7 (Flyball, 78M, EV 86.2 MPH)
|
Batting: RHB Elijah Campbell
|
0-0: Ball 1-0: Foul Ball, location: 2F 1-1: Ball 2-1: Ball 3-1: Base on Balls
|
Batting: RHB John Chiesa
|
0-0: Ball 1-0: Foul Ball, location: 2F 1-1: DOUBLE (Line Drive, 7LS, EV 102.5 MPH) David Price Jr. scores Elijah Campbell to third
|
Batting: LHB Jarrett Mordecai
|
0-0: Ball 1-0: Called Strike 1-1: Fly out, F8 (Flyball, 8RD, EV 85.0 MPH)
|
Bottom of the 1st over - 2 runs, 3 hits, 0 errors, 2 left on base; Baltimore 0 - Boston 2 |
TOP OF THE 2ND |
Baltimore Orioles batting - Pitching for Boston Red Sox : RHP Justin Swenson
|
Batting: RHB Bobby Ayala
|
0-0: Ball 1-0: Foul Ball, location: 2F 1-1: Ground out 4-3 (Groundball, 4S, EV 85.0 MPH)
|
Batting: LHB Brent Albertson
|
0-0: Swinging Strike 0-1: Ball 1-1: Foul Ball, location: 2F 1-2: Strikes out swinging
|
Batting: RHB Raul Mendoza
|
0-0: DOUBLE (Line Drive, 7LM, EV 89.4 MPH)
|
Batting: RHB Steve Jones
|
0-0: Called Strike 0-1: Called Strike 0-2: Ball 1-2: DOUBLE (Line Drive, 78D, EV 98.1 MPH) Raul Mendoza scores
|
Batting: SHB Aldo Questi
|
0-0: Ball 1-0: Swinging Strike 1-1: Ball 2-1: Foul Ball, location: 2F 2-2: Ball 3-2: Foul Ball, location: 2F 3-2: Base on Balls
|
Batting: RHB Saimei Kudo
|
0-0: Ball 1-0: Swinging Strike 1-1: Fly out, F8 (Flyball, 8RS, EV 83.1 MPH)
|
Top of the 2nd over - 1 run, 2 hits, 0 errors, 2 left on base; Baltimore 1 - Boston 2 |
BOTTOM OF THE 2ND |
Boston Red Sox batting - Pitching for Baltimore Orioles : LHP Marko Emchenko
|
Batting: SHB Greg Shaw
|
0-0: Ball 1-0: Fly out, F7 (Line Drive, 7S, EV 107.5 MPH)
|
Batting: SHB Willie Koviak
|
0-0: Ball 1-0: SINGLE (Groundball, 4D, EV 96.9 MPH)
|
Batting: RHB Alois Wollf
|
0-0: Swinging Strike 0-1: Ball 1-1: Ball 2-1: Foul Ball, location: 2F 2-2: Foul Ball, location: 2F 2-2: TRIPLE (Flyball, 89XD, EV 98.1 MPH) Willie Koviak scores
|
Batting: RHB Andrew Robinson
|
0-0: Ball 1-0: Called Strike 1-1: Ball 2-1: Ball 3-1: Called Strike 3-2: Base on Balls
|
Batting: RHB David Price Jr.
|
0-0: Called Strike Andrew Robinson steals 2nd base 0-1: Ball 1-1: Ball 2-1: SINGLE (Groundball, 4, EV 97.5 MPH) Alois Wollf scores Andrew Robinson to third Runner from 3rd tries for Home, SAFE, throw by CF to home
|
Batting: RHB Jose Diaz
|
0-0: Called Strike 0-1: Ball 1-1: Ball 2-1: Ball 3-1: Base on Balls David Price Jr. to second
|
Batting: RHB Elijah Campbell
|
0-0: Ball 1-0: Called Strike 1-1: Ball 2-1: Called Strike 2-2: Ball 3-2: Strikes out looking
|
Batting: RHB John Chiesa
|
0-0: TRIPLE (Flyball, 8LXD, EV 101.2 MPH) David Price Jr. scores Jose Diaz scores
|
Pitching: RHP Ryuhei Shimabukuro
|
|
Batting: LHB Jarrett Mordecai
|
0-0: Ball 1-0: Ball 2-0: Ball 3-0: Called Strike 3-1: Swinging Strike 3-2: Strikes out swinging
|
Bottom of the 2nd over - 5 runs, 4 hits, 0 errors, 1 left on base; Baltimore 1 - Boston 7 |
TOP OF THE 3RD |
Baltimore Orioles batting - Pitching for Boston Red Sox : RHP Justin Swenson
|
Batting: RHB Rudo Garciaparra
|
0-0: Called Strike 0-1: Foul Ball, location: 2F 0-2: Foul Ball, location: 2F 0-2: Foul Ball, location: 2F 0-2: Ball 1-2: Foul Ball, location: 2F 1-2: SINGLE (Line Drive, 4MD, EV 98.8 MPH)
|
Batting: SHB Robbie Rogers
|
0-0: Fly out, F8 (Line Drive, 8RM, EV 92.5 MPH)
|
Batting: RHB Nick Rigden
|
0-0: Ball 1-0: Ball 2-0: Called Strike 2-1: Foul Ball, location: 2F 2-2: Ball 3-2: Foul Ball, location: 2F 3-2: Fly out, F4 (Line Drive, 4, EV 70.6 MPH) Lined into DP, 4-3 (Line Drive, 4, EV 70.6 MPH)
|
Top of the 3rd over - 0 runs, 1 hit, 0 errors, 0 left on base; Baltimore 1 - Boston 7 |
BOTTOM OF THE 3RD |
Boston Red Sox batting - Pitching for Baltimore Orioles : RHP Ryuhei Shimabukuro
|
Batting: SHB Greg Shaw
|
0-0: Called Strike 0-1: Ball 1-1: Foul Ball, location: 2F 1-2: Strikes out swinging, 2-3 out at first.
|
Batting: SHB Willie Koviak
|
0-0: Ball 1-0: Called Strike 1-1: Ball 2-1: Ball 3-1: SINGLE (Groundball, 4MD, EV 108.1 MPH)
|
Batting: RHB Alois Wollf
|
0-0: Ball 1-0: Ball 2-0: Ball 3-0: Base on Balls Willie Koviak to second
|
Batting: RHB Andrew Robinson
|
0-0: Swinging Strike 0-1: Fly out, F9 (Flyball, 89D, EV 91.2 MPH) Runner from 2nd tags up, OUT at 3rd! 9-5
|
Bottom of the 3rd over - 0 runs, 1 hit, 0 errors, 1 left on base; Baltimore 1 - Boston 7 |
TOP OF THE 4TH |
Baltimore Orioles batting - Pitching for Boston Red Sox : RHP Justin Swenson
|
Batting: RHB Bobby Ayala
|
0-0: Ball 1-0: Swinging Strike 1-1: Ball 2-1: Foul Ball, location: 2F 2-2: Fly out, F4 (Line Drive, 4MD, EV 70.6 MPH)
|
Batting: LHB Brent Albertson
|
0-0: Called Strike 0-1: Ball 1-1: Ball 2-1: Ball 3-1: Ground out 4-3 (Groundball, 4, EV 83.8 MPH)
|
Batting: RHB Raul Mendoza
|
0-0: Swinging Strike 0-1: Called Strike 0-2: Hit by Pitch
|
Batting: RHB Steve Jones
|
0-0: Ball 1-0: Ball 2-0: Called Strike 2-1: DOUBLE (Line Drive, 78D, EV 98.1 MPH) Raul Mendoza to third
|
Batting: SHB Aldo Questi
|
0-0: Swinging Strike 0-1: Ball 1-1: Foul Ball, location: 2F 1-2: Ball 2-2: Ground out 4-3 (Groundball, 34D, EV 103.1 MPH)
|
Top of the 4th over - 0 runs, 1 hit, 0 errors, 2 left on base; Baltimore 1 - Boston 7 |
BOTTOM OF THE 4TH |
Boston Red Sox batting - Pitching for Baltimore Orioles : RHP Ryuhei Shimabukuro
|
Batting: RHB David Price Jr.
|
0-0: Ball 1-0: Ball 2-0: SINGLE (Groundball, 34D, EV 106.2 MPH)
|
Batting: RHB Jose Diaz
|
0-0: Ball 1-0: Ball 2-0: Called Strike 2-1: Called Strike David Price Jr. is caught stealing 2nd base 2-4 2-2: Ground out 6-3 (Groundball, 4MS, EV 86.2 MPH)
|
Batting: RHB Elijah Campbell
|
0-0: Ball 1-0: Called Strike 1-1: Foul Ball, location: 2F 1-2: DOUBLE (Flyball, 8LXD, EV 90.0 MPH)
|
Batting: RHB John Chiesa
|
0-0: Ball 1-0: Foul Ball, location: 2F 1-1: Ball Wild Pitch! Elijah Campbell to third 2-1: SINGLE (Line Drive, 4D, EV 93.8 MPH) Elijah Campbell scores
|
Batting: LHB Jarrett Mordecai
|
0-0: Ball 1-0: Foul Ball, location: 2F 1-1: Foul Ball, location: 2F 1-2: Fly out, F8 (Flyball, 8LM, EV 86.2 MPH)
|
Bottom of the 4th over - 1 run, 3 hits, 0 errors, 1 left on base; Baltimore 1 - Boston 8 |
TOP OF THE 5TH |
Baltimore Orioles batting - Pitching for Boston Red Sox : RHP Justin Swenson
|
Batting: RHB Saimei Kudo
|
0-0: Ball 1-0: SINGLE (Groundball, 34S, EV 61.2 MPH) (infield hit)
|
Batting: RHB Rudo Garciaparra
|
0-0: Called Strike Saimei Kudo steals 2nd base (no throw) 0-1: Foul Ball, location: 2F 0-2: Ball 1-2: Foul Ball, location: 2F 1-2: Hit by Pitch
|
Batting: SHB Robbie Rogers
|
0-0: Ball 1-0: Foul Ball, location: 2F 1-1: Foul Ball, location: 2F 1-2: Foul Ball, location: 2F 1-2: Strikes out swinging
|
Pitching: RHP Frank Picaso
|
|
Batting: RHB Nick Rigden
|
0-0: Foul Ball, location: 2F 0-1: Foul Ball, location: 2F 0-2: SINGLE (Line Drive, 89S, EV 106.2 MPH) Saimei Kudo to third Rudo Garciaparra to second Runner from 3rd tries for Home, throw by RF and OUT! 9-2
|
Batting: RHB Bobby Ayala
|
0-0: Ball 1-0: Ball 2-0: Swinging Strike 2-1: Foul Ball, location: 2F 2-2: Strikes out swinging
|
Top of the 5th over - 0 runs, 2 hits, 0 errors, 2 left on base; Baltimore 1 - Boston 8 |
BOTTOM OF THE 5TH |
Boston Red Sox batting - Pitching for Baltimore Orioles : RHP Ryuhei Shimabukuro
|
Batting: SHB Greg Shaw
|
0-0: Ball 1-0: Ball 2-0: Called Strike 2-1: Ball 3-1: Swinging Strike 3-2: Strikes out swinging
|
Batting: SHB Willie Koviak
|
0-0: Called Strike 0-1: Ground out U3 (Groundball, 34S, EV 91.2 MPH)
|
Pitching: RHP Craig Potter
|
|
Batting: RHB Alois Wollf
|
0-0: Foul Ball, location: 2F 0-1: Ground out 1-3 (Groundball, 13S, EV 65.6 MPH)
|
Bottom of the 5th over - 0 runs, 0 hits, 0 errors, 0 left on base; Baltimore 1 - Boston 8 |
TOP OF THE 6TH |
Baltimore Orioles batting - Pitching for Boston Red Sox : RHP Frank Picaso
|
Batting: LHB Brent Albertson
|
0-0: Ball 1-0: Ball 2-0: Called Strike 2-1: Ball 3-1: Base on Balls
|
Batting: RHB Raul Mendoza
|
0-0: Ball 1-0: Called Strike 1-1: Ball 2-1: SINGLE (Line Drive, 9S, EV 98.8 MPH) Brent Albertson to second
|
Batting: RHB Steve Jones
|
0-0: Ball 1-0: Ball 2-0: Called Strike 2-1: Fielders Choice at 2nd, 1-4 (Groundball, 15S, EV 68.1 MPH) Brent Albertson to third
|
Batting: SHB Aldo Questi
|
0-0: Called Strike 0-1: Ball 1-1: Ball 2-1: SINGLE (Groundball, 6MS, EV 64.4 MPH) (infield hit) Brent Albertson scores Steve Jones to second
|
Batting: RHB Saimei Kudo
|
0-0: Called Strike 0-1: Called Strike 0-2: Strikes out swinging
|
Batting: RHB Rudo Garciaparra
|
0-0: Ball 1-0: Called Strike 1-1: Called Strike 1-2: Foul Ball, location: 2F 1-2: Foul Ball, location: 2F 1-2: Foul Ball, location: 2F 1-2: Strikes out swinging
|
Top of the 6th over - 1 run, 2 hits, 0 errors, 2 left on base; Baltimore 2 - Boston 8 |
BOTTOM OF THE 6TH |
Boston Red Sox batting - Pitching for Baltimore Orioles : RHP Craig Potter
|
Batting: LHB Sakae Kasahara
|
0-0: Foul Ball, location: 2F 0-1: TRIPLE (Flyball, 89XD, EV 112.5 MPH)
|
Batting: RHB David Price Jr.
|
0-0: Ball 1-0: Ball 2-0: Swinging Strike 2-1: Called Strike 2-2: Strikes out swinging
|
Batting: RHB Jose Diaz
|
0-0: Ball 1-0: Ball 2-0: DOUBLE (Line Drive, 89M, EV 97.5 MPH) Sakae Kasahara scores
|
Batting: RHB Elijah Campbell
|
0-0: Ball 1-0: Ball 2-0: Ball 3-0: Called Strike 3-1: Base on Balls
|
Batting: RHB John Chiesa
|
0-0: Fly out, F9 (Flyball, 9LMF, EV 94.4 MPH)
|
Batting: LHB Jarrett Mordecai
|
0-0: Fly out, F8 (Flyball, 78M, EV 76.9 MPH)
|
Bottom of the 6th over - 1 run, 2 hits, 0 errors, 2 left on base; Baltimore 2 - Boston 9 |
TOP OF THE 7TH |
Baltimore Orioles batting - Pitching for Boston Red Sox : RHP Frank Picaso
|
Batting: SHB Robbie Rogers
|
0-0: DOUBLE (Line Drive, 9LM, EV 106.9 MPH)
|
Batting: RHB Nick Rigden
|
0-0: Called Strike Robbie Rogers steals 3rd base 0-1: Ball 1-1: Swinging Strike 1-2: Strikes out swinging
|
Pitching: RHP Jon Mercado
|
|
Pinch Hitting: RHB Tylor Cyr
|
0-0: SINGLE (Groundball, 4MD, EV 103.1 MPH) Robbie Rogers scores
|
Batting: LHB Brent Albertson
|
0-0: Ball 1-0: Ball 2-0: DOUBLE (Line Drive, 9LM, EV 108.8 MPH) Tylor Cyr to third
|
Batting: RHB Raul Mendoza
|
0-0: Ground out 5-3 (Groundball, 56, EV 101.9 MPH) Tylor Cyr scores
|
Batting: RHB Steve Jones
|
0-0: Called Strike 0-1: Ball 1-1: Fly out, F8 (Flyball, 8RD, EV 87.5 MPH)
|
Top of the 7th over - 2 runs, 3 hits, 0 errors, 1 left on base; Baltimore 4 - Boston 9 |
BOTTOM OF THE 7TH |
Boston Red Sox batting - Pitching for Baltimore Orioles : RHP Craig Potter
|
Now at 1B: Aldo Questi
|
|
Now at 2B: Saimei Kudo
|
|
Now at 3B: Tylor Cyr
|
|
Batting: SHB Greg Shaw
|
0-0: Called Strike 0-1: Foul Ball, location: 2F 0-2: Ball 1-2: Ball 2-2: Strikes out swinging
|
Batting: SHB Willie Koviak
|
0-0: Foul Ball, location: 2F 0-1: Called Strike 0-2: Ball 1-2: Strikes out looking
|
Batting: RHB Alois Wollf
|
0-0: Called Strike 0-1: Ball 1-1: Ball 2-1: Foul Ball, location: 2F 2-2: Strikes out looking
|
Bottom of the 7th over - 0 runs, 0 hits, 0 errors, 0 left on base; Baltimore 4 - Boston 9 |
TOP OF THE 8TH |
Baltimore Orioles batting - Pitching for Boston Red Sox : RHP Jon Mercado
|
Now in LF: John Chiesa
|
|
Now in CF: Joe Sandoval
|
|
Batting: SHB Aldo Questi
|
0-0: Ball 1-0: Ball 2-0: Ball 3-0: Called Strike 3-1: Called Strike 3-2: Base on Balls
|
Batting: RHB Saimei Kudo
|
0-0: Ball Pickoff Throw by Catcher to First - Out! 1-0: SOLO HOME RUN (Flyball, 78XD, EV 100.6 MPH), Distance : 417 ft
|
Batting: RHB Rudo Garciaparra
|
0-0: Called Strike 0-1: Ball 1-1: Ground out 1-3 (Groundball, 13S, EV 74.4 MPH)
|
Batting: SHB Robbie Rogers
|
0-0: Called Strike 0-1: SINGLE (Groundball, 4MS, EV 69.4 MPH) (infield hit)
|
Batting: RHB Nick Rigden
|
0-0: Fly out, F8 (Flyball, 8LXD, EV 93.8 MPH)
|
Top of the 8th over - 1 run, 2 hits, 0 errors, 1 left on base; Baltimore 5 - Boston 9 |
BOTTOM OF THE 8TH |
Boston Red Sox batting - Pitching for Baltimore Orioles : RHP Craig Potter
|
Pitching: RHP Chris Dauphin
|
|
Batting: LHB Sakae Kasahara
|
0-0: Called Strike 0-1: Called Strike 0-2: Strikes out swinging
|
Batting: RHB David Price Jr.
|
0-0: Foul Ball, location: 2F 0-1: Ball 1-1: Ball 2-1: Ground out 6-3 (Groundball, 6, EV 80.6 MPH)
|
Batting: RHB Joe Sandoval
|
0-0: Ball 1-0: Called Strike 1-1: Swinging Strike 1-2: Ball 2-2: Foul Ball, location: 2F 2-2: Ball 3-2: DOUBLE (Line Drive, 7LS, EV 111.9 MPH)
|
Batting: RHB Elijah Campbell
|
0-0: Called Strike 0-1: Called Strike 0-2: Ball 1-2: Foul Ball, location: 2F 1-2: Strikes out swinging
|
Bottom of the 8th over - 0 runs, 1 hit, 0 errors, 1 left on base; Baltimore 5 - Boston 9 |
TOP OF THE 9TH |
Baltimore Orioles batting - Pitching for Boston Red Sox : RHP Jon Mercado
|
Pitching: RHP Guadalupe Vasguez
|
|
Batting: RHB Tylor Cyr
|
0-0: Ball 1-0: Ball 2-0: Called Strike 2-1: Swinging Strike 2-2: Foul Ball, location: 2F 2-2: Foul Ball, location: 2F 2-2: Ball 3-2: Foul Ball, location: 2F 3-2: SINGLE (Line Drive, 78S, EV 111.2 MPH)
|
Batting: LHB Brent Albertson
|
0-0: Ball 1-0: Called Strike 1-1: Swinging Strike 1-2: Ball 2-2: Ball 3-2: Fly out, F7 (Flyball, 7S, EV 90.0 MPH)
|
Batting: RHB Raul Mendoza
|
0-0: Ball 1-0: Ball 2-0: Called Strike 2-1: Foul Ball, location: 2F 2-2: Grounds into double play, 4-6-3 (Groundball, 4M, EV 107.5 MPH)
|
Top of the 9th over - 0 runs, 1 hit, 0 errors, 0 left on base; Baltimore 5 - Boston 9 |
|